 Dungeon Crawl Stone Soup version 0.27-a0-1438-g9b7c6745da (webtiles) character file.

Game seed: 988868258539442099

149 2tc the Ruffian (level 5, 0/50 HPs)
             Began as a Troll Monk on July 4, 2021.
             Was an Elder of Makhleb.
             Slain by Menkaure (8 damage)
             ... on level 3 of the Dungeon.
             The game lasted 00:05:59 (2491 turns).

2tc the Ruffian (Troll Monk)                        Turns: 2491, Time: 00:06:00

Health: 0/50       AC:  4    Str: 25    XL:     5   Next: 9%
Magic:  4/4        EV: 10    Int:  7    God:    Makhleb [****..]
Gold:   164        SH:  0    Dex: 12    Spells: 4/4 levels left

rFire    . . .     SeeInvis .     - Unarmed
rCold    . . .     Faith    .   (no shield)
rNeg     . . .     Spirit   .   a - +0 robe
rPois    .         Reflect  .   (helmet restricted)
rElec    .         Harm     .   (no cloak)
rCorr    .         Rampage  .   (gloves unavailable)
Will     .....                  (boots unavailable)
Stlth    ++........             (no amulet)
HPRegen  1.16/turn              e - +6 ring of strength
MPRegen  0.09/turn              (no ring)

@: brilliant
A: large, unfitting armour, claws 3, regeneration 1, shaggy fur 1, tough skin 1
a: Renounce Religion, Minor Destruction, Lesser Servant of Makhleb, Major
Destruction


You were on level 3 of the Dungeon.
You worshipped Makhleb.
Makhleb was greatly pleased with you.
You visited 1 branch of the dungeon, and saw 4 of its levels.

You collected 164 gold pieces.

Inventory:

Missiles
 d - 71 stones (quivered)
Armour
 a - a +0 robe (worn)
 h - the +1 hat of the Bruised Friars {Harm rC++ Stlth+}
   (You acquired it on level 3 of the Dungeon)

   rC:        It greatly protects you from cold.
   Harm:      It increases damage dealt and taken.
   Stlth:     It makes you more stealthy.
Jewellery
 e - a +6 ring of strength (left claw)
Scrolls
 b - 2 scrolls of identify
 f - a scroll of vulnerability
Potions
 g - a potion of brilliance


   Skills:
 - Level 2.4 Fighting
 - Level 2.4 Dodging
 - Level 1.0 Stealth
 * Level 5.8 Unarmed Combat


You had 4 spell levels left.
You didn't know any spells.
Your spell library contained the following spells:

 Spells                   Type           Power      Damage    Failure   Level
 Ensorcelled Hibernation  Hex/Ice        0%         N/A       56%         2
 Poisonous Vapours        Pois/Air       0%         N/A       56%         2
 Mephitic Cloud           Conj/Pois/Air  0%         N/A       80%         3
 Spider Form              Tmut/Pois      0%         N/A       80%         3
 Freezing Cloud           Conj/Ice/Air   0%         6-21      100%        5
 Shadow Creatures         Summ           N/A        N/A       100%        6


Dungeon Overview and Level Annotations

Branches:
Dungeon (4/15)
 Temple: D:4-7

Altars:
Elyvilon
Makhleb

Annotations:
D:3 Menkaure


Innate Abilities, Weirdness & Mutations

You are too large for most types of armour.
You have claws for hands.
Your natural rate of healing is unusually fast.
You are covered in fur. (AC +1)
You have tough skin. (AC +1)


Message History

You aren't carrying any items that you can evoke.
You barely miss the giant cockroach.
The giant cockroach is moderately wounded.
The giant cockroach bites you but does no damage.
Menkaure calls on the powers of darkness!
The orc convulses!
Your body is wracked with pain!
* * * LOW HITPOINT WARNING * * *
The giant cockroach convulses!
You closely miss the giant cockroach.
The giant cockroach is heavily wounded.
The giant cockroach bites you but does no damage.
The orc barely misses you.
You scratch the giant cockroach.
You kill the giant cockroach!
Makhleb accepts your kill.
You feel better. The orc hits you with a +0 flail.
* * * LOW HITPOINT WARNING * * *
Menkaure whispers, "It doesn't hurt if you pull your brain out of your nose yourself."
The orc closely misses you.
You see here a giant cockroach corpse.
As you read the scroll of fear, it crumbles to dust.
You assume a fearsome visage.
The orc looks frightened!
Menkaure is unaffected.
Cornered, the orc turns to fight!
Menkaure gestures ominously.
Menkaure gestures at you while chanting.
Pain shoots through your body!
* * * LOW HITPOINT WARNING * * *
Okay, then.
Menkaure is no longer moving quickly.
Menkaure gestures wildly while chanting.
Menkaure seems to speed up.
You start putting on your armour.
You continue putting on the +1 hat of the Bruised Friars {Harm rC++ Stlth+}. x2
Menkaure barely misses you. Menkaure closely misses you.
You continue putting on the +1 hat of the Bruised Friars {Harm rC++ Stlth+}.
Menkaure hits you!
* * * LOW HITPOINT WARNING * * *
You continue putting on the +1 hat of the Bruised Friars {Harm rC++ Stlth+}.
Menkaure hits you!
You die...

#.......# #.......# #
####.......#######
#...o......#>oM.##
#.##.......#†##.##
#.##.........##..#
#o###.........##.# #M#
#.........##.. #@#
#.........###. #.#
#.........# #. #.#
#........## ## #.#
#........##### #.#
########......
#####.################
#.....#.......#
#.....#(#####.#####
#.....#.#.........# ##


You could see Menkaure (fast) and an orc.

Vanquished Creatures
  A gnoll (D:1)
  6 adders
  A worm (D:3)
  2 orcs (D:4)
  4 bats
  11 endoplasms
  6 giant cockroaches
  8 goblins
  7 hobgoblins
  4 jackals (D:1)
  3 quokkas
  8 ball pythons
  2 frilled lizards
  7 kobolds
  2 rats (D:1)
72 creatures vanquished.

Notes
Turn   | Place    | Note
-------+----------+-------------------------------------------
     0 | D:1      | 2tc the Troll Monk began the quest for the Orb.
     0 | D:1      | Reached XP level 1. HP: 22/22 MP: 0/0
   100 | D:1      | Reached XP level 2. HP: 29/29 MP: 1/1
   232 | D:1      | Reached skill level 4 in Unarmed Combat
   337 | D:1      | Reached XP level 3. HP: 36/36 MP: 2/2
   434 | D:1      | Found a faded altar of an unknown god.
   444 | D:1      | Became a worshipper of Makhleb the Destroyer
   444 | D:1      | Reached * piety under Makhleb
   444 | D:1      | Reached ** piety under Makhleb
   923 | D:2      | Reached *** piety under Makhleb
   964 | D:2      | Reached XP level 4. HP: 42/44 MP: 3/3
  1138 | D:2      | Found a white marble altar of Elyvilon.
  1231 | D:2      | Reached skill level 5 in Unarmed Combat
  2090 | D:3      | Identified a scroll of acquirement
  2090 | D:3      | Acquired the +1 hat of the Bruised Friars {Harm rC++
                  | Stlth+}
  2216 | D:3      | Reached XP level 5. HP: 50/50 MP: 4/4
  2266 | D:3      | Reached **** piety under Makhleb
  2456 | D:4      | Noticed Menkaure
  2491 | D:3      | Slain by Menkaure

Illustrated notes

Levels and vault maps discovered:
D:1:      lightli_arrival_farm, layout_basic, hellmonk_ecumenical_altar_lost_god
D:2:      layout_loops_corners, basic_altar, minmay_close_crescents
D:3:      layout_basic
D:4:      layout_rooms, lemuel_round_altar, minmay_temple_entry_crystal_x,
          st_stairs_9, minmay_ruined_shrine, uniq_menkaure, uniq_ijyb

Skill      XL: |  1  2  3  4 |
---------------+-------------+-----
Unarmed Combat | 4 5 |  5.8
Fighting       | |  2.4
Dodging        | |  2.4
Stealth        | |  1.0

Action                   |  1- 3 |  4- 6 || total
-------------------------+-------+-------++-------
Melee: Unarmed           |    82 |    92 ||   174
       Punch             |     1 |     3 ||     4
  Use: Scroll            |     2 |     7 ||     9
       Potion            |       |     1 ||     1
 Stab: Sleeping          |     3 |     5 ||     8
Armor: Robe              |    22 |    32 ||    54
Dodge: Dodged            |    33 |    50 ||    83

Table legend: (Time is in decaauts)
 A = Elapsed time spent in this place.
 B = Non-inter-level travel time spent in this place.
 C = Inter-level travel time spent in this place.
 D = Time resting spent in this place.
 E = Time spent auto-exploring this place.
 F = Levels seen in this place.
 G = Mean time per level.
                   A        B        C        D        E       F      G
               +--------+--------+--------+--------+--------+-----+--------+
         Total |   2505 |   2409 |     96 |      0 |   1969 |   4 |  626.2 |
       Dungeon |   2505 |   2409 |     96 |      0 |   1969 |   4 |  626.2 |
               +--------+--------+--------+--------+--------+-----+--------+

Top non-repeatable levels by time:
     D:2: 906 daAuts
     D:1: 864 daAuts
     D:3: 720 daAuts
     D:4: 13 daAuts
